 Dungeon Crawl Stone Soup version 0.26-a0-70-g31f1466007 (webtiles) character file.

Game seed: 16169477715194972417

38 MarredHen the Bolt Thrower (level 3, -3/22 HPs)
             Began as a Kobold Hunter on June 13, 2020.
             Slain by Sigmund
             ... wielding a +0 scythe
              (7 damage)
             ... on level 2 of the Dungeon.
             The game lasted 00:02:15 (938 turns).

MarredHen the Bolt Thrower (Kobold Hunter)           Turns: 938, Time: 00:02:16

Health: -3/22      AC:  4    Str:  9    XL:     3   Next: 65%
Magic:  3/3        EV: 15    Int: 12    God:
Gold:   73         SH:  0    Dex: 16    Spells: 2/2 levels left

rFire    . . .     SeeInvis .   a - +1 hand crossbow
rCold    . . .     Gourm    .   (shield restricted)
rNeg     . . .     Faith    .   c - +0 leather armour
rPois    .         Spirit   .   (no helmet)
rElec    .         Reflect  .   (no cloak)
rCorr    .         Harm     .   (no gloves)
MR       .....                  m - +0 pair of boots
Stlth    ++........             (no amulet)
HPRegen  0.07/turn              (no ring)
MPRegen  0.08/turn              (no ring)

@: no status effects
A: small, carnivore
a: no special abilities


You were on level 2 of the Dungeon.
You were not hungry.

You visited 1 branch of the dungeon, and saw 2 of its levels.

You collected 73 gold pieces.

Inventory:

Hand Weapons
 a - a +1 hand crossbow (weapon)
 b - a +0 short sword
 k - a cursed -1 spear
Missiles
 d - 11 bolts (quivered)
Armour
 c - a +0 leather armour (worn)
 m - a +0 pair of boots (worn)
Jewellery
 h - an uncursed ring of protection from fire {unknown}
Scrolls
 e - a scroll of remove curse
 n - a scroll of teleportation {unknown}
Potions
 g - 2 potions of curing {unknown}
 j - a potion of brilliance {unknown}
 l - a potion of heal wounds {unknown}
Comestibles
 f - 3 rations


   Skills:
 + Level 2.5 Fighting
 + Level 5.8 Crossbows
 + Level 0.2 Armour
 + Level 2.5 Dodging
 + Level 1.5 Stealth


You had 2 spell levels left.
You didn't know any spells.
Your spell library was empty.

Dungeon Overview and Level Annotations

Branches:
Dungeon (2/15)

Altars:

Annotations:
D:2 Sigmund


Innate Abilities, Weirdness & Mutations

You are small and have problems with some larger weapons.
You are carnivorous and can eat meat at any time.


Message History

Okay, then.
A magic dart appears from out of thin air!
The magic dart hits you!
You feel less confused.
You hear some strange, mumbled words.
You are confused.
You bump into the rock wall.
Something barely misses you.
You bump into the rock wall.
Something barely misses you.
You're too confused to move!
You bump into the rock wall.
You feel less confused.
You hear some strange, mumbled words.
A magic dart appears from out of thin air!
The magic dart hits you. Something hits you!
* * * LOW HITPOINT WARNING * * *
As you read the scroll labeled JESAVYCA PUGEU, it crumbles to dust.
The scroll dissolves into smoke.
It was a scroll of fog.
Something hits you!
You die...

#......)...##.####.#.##.#.#
#....#..#..##.# #......#.#
#..#...<....#.# ##.......#
#.......#.#.#.# #...#####
#.#.###.# # #.# #...# #....
..# ..# #...# ###.##### ###
#>..##### . ..# .
#######...#...### ....#
...#[.§@§†.........## ....#
......§§§...........# ...##
####....§{.........##
#####.#..>....###
#.#....#### ###.#....#
#........# .# #.#......###
.# #.##....##.##


There were no monsters in sight!

Vanquished Creatures
  An adder (D:2)
  2 worms (D:2)
  A dart slug (D:2)
  A leopard gecko (D:2)
  4 bats
  2 goblins (D:1)
  3 hobgoblins (D:1)
  3 kobolds (D:1)
  2 ball pythons (D:1)
  A rat (D:2)
20 creatures vanquished.

Notes
Turn   | Place    | Note
-------+----------+-------------------------------------------
     0 | D:1      | MarredHen the Kobold Hunter began the quest for the Orb.
     0 | D:1      | Reached XP level 1. HP: 12/12 MP: 1/1
    67 | D:1      | Reached skill level 5 in Crossbows
    85 | D:1      | Reached XP level 2. HP: 18/18 MP: 2/2
   755 | D:2      | Reached XP level 3. HP: 22/22 MP: 3/3
   914 | D:2      | Noticed Sigmund
   938 | D:2      | Slain by Sigmund

Illustrated notes

Levels and vault maps discovered:
D:1:      minmay_arrival_cross, layout_basic
D:2:      layout_loops_cross, dk_noncrumbling_2, hangedman_decor_diamond_cutter,
          hangedman_decor_peaks_small, uniq_sigmund

Skill      XL: |  1 |
---------------+----+-----
Crossbows      | 5 |  5.8
Fighting       | |  2.5
Armour         | |  0.2
Dodging        | |  2.5
Stealth        | |  1.5

Action                   || total
-------------------------++-------
 Fire: Hand crossbow     ||    41
  Use: Scroll            ||     4
Armor: Leather armour    ||     1
Dodge: Dodged            ||     9

Table legend:
 A = Non-vault XP
 B = Vault XP
 C = Vault XP percentage of total XP
 D = Non-vault monster count
 E = Vault monster count
 F = Vault count percentage of total count
                 A         B        C        D         E       F
            +---------+---------+-------+---------+---------+-------
      Total |      55 |       0 |   0.0 |      20 |       0 |   0.0
            +---------+---------+-------+---------+---------+-------
        D:1 |      22 |       0 |   0.0 |      13 |       0 |   0.0
        D:2 |      33 |       0 |   0.0 |       7 |       0 |   0.0
            +---------+---------+-------+---------+---------+-------
